 Dungeon Sprint DCSS version 0.28-a0-1356-g2ad6d04315 (webtiles) character file.

Game seed: 13458008792635742470

63282 mhtbhm the Conqueror (level 14, -2/168 HPs)
             Began as a Minotaur Berserker on Dec 31, 2021.
             Was the Champion of Trog.
             Slain by a spriggan defender (17 damage)
             ... in the Dungeon (Sprint IX: "|||||||||||||||||||||||||||||").
             The game lasted 00:12:47 (5579 turns).

mhtbhm the Conqueror (Minotaur Berserker)           Turns: 5579, Time: 00:12:47

Health: -2/168     AC: 16    Str: 32    XL:     14   Next: 67%
Magic:  4/4        EV: 25    Int:  4    God:    Trog [******]
Gold:   870        SH:  0    Dex: 19    Spells: 13/13 levels left

rFire   . . .      SeeInvis .   a - +9 dire flail "Ferasi" {antimagic, +Blink rC+++ Dex+8 Stlth-}
rCold   + + +      Faith    .   (shield currently unavailable)
rNeg    + . .      Spirit   .   b - +2 ring mail "Ciuxtifaq" {rElec rN+ rCorr Stlth+}
rPois   .          Reflect  .   (helmet restricted)
rElec   +          Harm     .   l - +0 cloak
rCorr   +          Rampage  .   k - +0 pair of gloves
Will    +....      NoTele   +   u - +0 pair of boots
Stlth   +++.......              (no amulet)
HPRegen 0.38/turn               m - +3 ring of strength
MPRegen 0.09/turn               n - +3 ring of strength

@: on berserk cooldown, slowed, very slow
A: horns 2, retaliatory headbutt
a: Renounce Religion, Evoke Blink, Berserk, Trog's Hand, Brothers in Arms


You were in the Dungeon.
You worshipped Trog.
Trog was exalted by your worship.
You visited 1 branch You collected 1941 gold pieces.
You spent 1071 gold pieces at shops.

Inventory:

Hand Weapons
 a - the +9 dire flail "Ferasi" (weapon) {antimagic, +Blink rC+++ Dex+8 Stlth-}
   (Trog gifted it to you in the Dungeon)

   It reduces the magical energy of the wielder, and disrupts the spells and
   magical abilities of those it strikes.
   Natural abilities and divine invocations are not affected.
   Dex:       It affects your dexterity (+8).
   rC:        It renders you almost immune to cold.
   +Blink:    It lets you blink.
   Stlth:     It makes you less stealthy.
 D - a +1 demon whip of freezing
 J - a +2 double sword of holy wrath
Missiles
 o - 4 curare-tipped darts (quivered)
 B - 3 throwing nets
Armour
 b - the +2 ring mail "Ciuxtifaq" (worn) {rElec rN+ rCorr Stlth+}
   (You found it in the Dungeon)

   rElec:     It insulates you from electricity.
   rN:        It protects you from negative energy.
   rCorr:     It protects you from acid and corrosion.
   Stlth:     It makes you more stealthy.
 k - a +0 pair of gloves (worn)
 l - a +0 cloak (worn)
 u - a +0 pair of boots (worn)
 G - a +2 chain mail of fire resistance
 H - +0 swamp dragon scales
Jewellery
 m - a +3 ring of strength (left hand)
 n - a +3 ring of strength (right hand)
 C - a ring of protection from fire
 E - a ring of protection from cold
 F - a ring of protection from cold
Wands
 j - a wand of acid (3)
 A - a wand of polymorph (5)
 K - a wand of paralysis (1)
Scrolls
 r - 3 scrolls of enchant armour
 s - 3 scrolls of fog
 t - 5 scrolls of enchant weapon
 v - a scroll of magic mapping
 w - a scroll of brand weapon
 x - 4 scrolls of identify
 y - a scroll of immolation
Potions
 c - 2 potions of curing
 f - 4 potions of magic
 g - 4 potions of berserk rage
 i - a potion of invisibility
 p - 3 potions of mutation
 q - 2 potions of might
 z - 3 potions of attraction
 I - 4 potions of resistance


   Skills:
 O Level 27 Fighting
 O Level 27 Maces & Flails
 + Level 3.1 Throwing
 + Level 19.1 Armour
 + Level 20.9 Dodging
 + Level 7.7 Stealth
 + Level 5.7 Evocations


You had 13 spell levels left.
You didn't know any spells.
Your spell library was empty.

Dungeon Overview and Level Annotations

Branches:
Dungeon (1/1)

Altars:
Cheibriados
Dithmenos
Elyvilon
Fedhas
Gozag
Hepliaklqana
Kikubaaqudgha
Makhleb
Nemelex Xobeh
Okawaru
Qazlal
Ru
Sif Muna
Trog
Uskayaw
Vehumet
Wu Jian
Xom
Yredelemnul
Zin
The Shining One
Beogh
Jiyva
Lugonu

Shops:
D *!(


Innate Abilities, Weirdness & Mutations

You have a pair of horns on your head.
You reflexively headbutt those who attack you in melee.


Message History

You recover from your berserk rage.
A red film seems to cover your vision as you go berserk!
You feel yourself moving faster!
You feel mighty!
A wizard appears from thin air!
Reactivating autopickup.
The wizard hits you with a +0 dagger.
* * * LOW HITPOINT WARNING * * *
You puncture the wizard!
The wizard's magic leaks into the air.
You headbutt the wizard.
The wizard is heavily wounded.
You sock the wizard!
The wizard's magic leaks into the air.
Your headbutt misses the wizard.
The wizard is severely wounded.
The wizard falters for a moment.
You puncture the wizard!
You kill the wizard!
Trog accepts your kill.
Trog appreciates your killing of a magic user.
Unknown command.
You slam the door shut with a bang, pushing everything out of the way!
You see here a +0 robe.
Your skin stops crawling.
You feel less strong-willed.
You feel a strong urge to attack something.
You are no longer berserk.
You are exhausted.
You feel yourself slow down.
Things that are here:
a +0 dagger; a +0 robe A spriggan defender opens the door.
The ironbound convoker points at something and mumbles some strange words.
The spriggan defender hits you with a +4 quick blade.
* * * LOW HITPOINT WARNING * * *
The spriggan defender barely misses you.
The spriggan defender hits you with a +4 quick blade!
* * * LOW HITPOINT WARNING * * *
The spriggan defender completely misses you.
The spriggan defender misses you.
The spriggan defender closely misses you.
The spriggan defender hits you with a +4 quick blade!
You die...

.....!.[[[[.[.[.).)))))).=...'...
▓▓▓▓▓▓▓▓▓▓▓▓▓▓▓▓▓▓▓▓▓▓▓▓▓▓▓▓▓▓▓▓▓
.........)....)..................
▓▓▓▓▓▓▓▓▓▓▓▓▓▓▓▓▓▓▓▓▓▓▓▓▓▓▓▓▓▓▓▓▓
)))'........)'...))))))'.........
▓▓▓▓▓▓▓▓▓▓▓▓▓▓▓▓▓▓▓▓▓▓▓▓▓▓▓▓▓▓▓▓▓
...........................)(....
▓▓▓▓▓▓▓▓▓▓▓▓▓▓▓▓▓▓▓▓▓▓▓▓▓▓▓▓▓▓▓▓▓
)['[.)......p..i@).)))...))......
▓▓▓▓▓▓▓▓▓▓▓▓▓▓▓▓▓▓▓▓▓▓▓▓▓▓▓▓▓▓▓▓▓


You could see a spriggan defender and an ironbound convoker.

Vanquished Creatures
  Rupert (D)
  Frances (D)
  2 sphinxes (D)
  A fire giant (D)
  Donald (D)
  3 frost giants (D)
  A ghost moth (D)
  A spriggan defender (D)
  3 ironbound preservers (D)
  2 stone giants (D)
  A vampire knight (D)
  Azrael (D)
  An eleionoma (D)
  An entropy weaver (D)
  3 ettins (D)
  2 fire dragons (D)
  2 great orbs of eyes (D)
  A yaktaur captain (D)
  Harold (D)
  A merfolk impaler (D)
  A boulder beetle (D)
  A hydra (D)
  A naga warrior (D)
  2 ironbound frosthearts (D)
  Erolcha (D)
  An ogre mage (D)
  A merfolk avatar (D)
  2 ghost crabs (D)
  2 two-headed ogres (D)
  2 alligators (D)
  A merfolk aquamancer (D)
  2 deep troll shamans (D)
  A death yak (D)
  A deep troll earth mage (D)
  3 tengu warriors (D)
  A vampire mage (D)
  2 orc high priests (D)
  Sonja (D)
  Nergalle (D)
  A hell knight (D)
  An orb spider (D)
  A sea snake (shapeshifter) (D)
  A naga ritualist (D)
  A swamp dragon (D)
  A bog body (D)
  5 orc knights (D)
  An ironbound convoker (D)
  2 wizards (D)
  A deep elf pyromancer (D)
  A cyclops (D)
  A will-o-the-wisp (D)
  A manticore (D)
  3 orc sorcerers (D)
  An ugly thing (D)
  2 wolf spiders (D)
  A salamander (D)
  2 slime creatures (D)
  A moth of wrath (D)
  A guardian serpent (D)
  A black mamba (shapeshifter) (D)
  Joseph (D)
  A naga mage (D)
  4 black mambas (D)
  A water nymph (D)
  4 cane toads (D)
  A demonic crawler (D)
  A merfolk (D)
  3 polar bears (D)
  A blink frog (D)
  A wind drake (D)
  A jumping spider (D)
  A culicivora (D)
  A wyvern (D)
  4 yaks (D)
  4 fire elementals (D)
  2 basilisks (D)
  A basilisk (shapeshifter) (D)
  3 steam dragons (D)
  A vampire mosquito (D)
  A water moccasin (D)
  An acid dragon (D)
  2 hell hounds (D)
  An ice beast (D)
  4 orc warriors (D)
  An ogre (D)
  7 black bears (D)
  A boggart (D)
  2 wolves (D)
  A kobold brigand (D)
  3 bullfrogs (D)
  5 orc priests (D)
  An iguana (D)
  3 orc wizards (D)
  An adder (D)
  15 orcs (D)
  3 goblins (D)
  A hobgoblin (D)
  A kobold (D)
177 creatures vanquished.

Vanquished Creatures (collateral kills)
  A vault warden (D)
  A hell knight (D)
  An orc knight (D)
  An orc warrior (D)
4 creatures vanquished.

Vanquished Creatures (others)
  A sea snake (D)
  A spriggan druid (D)
  A merfolk siren (D)
3 creatures vanquished.

Grand Total: 184 creatures vanquished

Notes
Turn   | Place    | Note
-------+----------+-------------------------------------------
     0 | D        | mhtbhm the Minotaur Berserker began the quest for the Orb.
     0 | D        | Reached XP level 1. HP: 19/19 MP: 0/0
    11 | D        | Reached ** piety under Trog
   108 | D        | Noticed an ogre
   108 | D        | Noticed a black bear
   108 | D        | Noticed an iguana
   108 | D        | Noticed an ice beast
   113 | D        | Killed an ice beast
   114 | D        | Reached XP level 2. HP: 17/34 MP: 1/1
   114 | D        | Reached XP level 3. HP: 19/39 MP: 2/2
   114 | D        | Reached XP level 4. HP: 23/47 MP: 3/3
   117 | D        | Reached *** piety under Trog
   351 | D        | Killed a black bear
   352 | D        | Reached skill level 5 in Armour
   352 | D        | Reached XP level 5. HP: 57/57 MP: 4/4
   353 | D        | Killed an ogre
   354 | D        | Reached skill level 10 in Fighting
   354 | D        | Reached skill level 10 in Maces & Flails
   354 | D        | Reached skill level 5 in Dodging
   354 | D        | Reached XP level 6. HP: 66/66 MP: 5/5
   359 | D        | Found a snail-covered altar of Cheibriados.
   359 | D        | Found a shadowy altar of Dithmenos.
   359 | D        | Found a white marble altar of Elyvilon.
   359 | D        | Found a blossoming altar of Fedhas.
   359 | D        | Found an opulent altar of Gozag.
   360 | D        | Found a hazy altar of Hepliaklqana.
   361 | D        | Found a viscous altar of Jiyva.
   362 | D        | Found an ancient bone altar of Kikubaaqudgha.
   363 | D        | Found a corrupted altar of Lugonu.
   364 | D        | Found a burning altar of Makhleb.
   365 | D        | Found a sparkling altar of Nemelex Xobeh.
   366 | D        | Found an iron altar of Okawaru.
   367 | D        | Found a stormy altar of Qazlal.
   401 | D        | Found a sacrificial altar of Ru.
   402 | D        | Found a shimmering blue altar of Sif Muna.
   403 | D        | Found a bloodstained altar of Trog.
   404 | D        | Found a hide-covered altar of Uskayaw.
   405 | D        | Found a radiant altar of Vehumet.
   406 | D        | Found an ornate altar of the Wu Jian Council.
   407 | D        | Found a shimmering altar of Xom.
   408 | D        | Found a basalt altar of Yredelemnul.
   409 | D        | Found a glowing silver altar of Zin.
   410 | D        | Found a glowing golden altar of the Shining One.
   463 | D        | Noticed a yak
   463 | D        | Noticed a wyvern
   463 | D        | Noticed a steam dragon
   463 | D        | Noticed a steam dragon
   468 | D        | Killed a steam dragon
   468 | D        | Reached **** piety under Trog
   470 | D        | Killed a steam dragon
   471 | D        | Reached XP level 7. HP: 74/74 MP: 6/6
   475 | D        | Killed a wyvern
   482 | D        | Killed a yak
   564 | D        | Noticed a two-headed ogre
   564 | D        | Noticed a two-headed ogre
   564 | D        | Noticed a tengu warrior
   564 | D        | Noticed a vampire mosquito
   564 | D        | Noticed a cyclops
   568 | D        | Killed a cyclops
   569 | D        | Reached XP level 8. HP: 88/88 MP: 7/7
   572 | D        | Reached ***** piety under Trog
   576 | D        | Received a gift from Trog
   577 | D        | Reached skill level 15 in Maces & Flails
   580 | D        | Killed a tengu warrior
   581 | D        | Reached XP level 9. HP: 96/96 MP: 8/8
   586 | D        | Killed a two-headed ogre
   587 | D        | Reached skill level 15 in Fighting
   590 | D        | Killed a two-headed ogre
   900 | D        | Noticed a polar bear
   900 | D        | Noticed a cane toad
   904 | D        | Killed a cane toad
   905 | D        | Noticed a cane toad
   910 | D        | Reached skill level 10 in Armour
   917 | D        | Killed a polar bear
   918 | D        | Reached XP level 10. HP: 108/108 MP: 9/9
   924 | D        | Received a gift from Trog
   933 | D        | Killed a cane toad
  1012 | D        | Noticed a five-headed hydra
  1012 | D        | Noticed a death yak
  1015 | D        | Noticed a cane toad
  1020 | D        | Noticed a cane toad
  1021 | D        | Killed a death yak
  1026 | D        | Killed a five-headed hydra
  1029 | D        | Received a gift from Trog
  1035 | D        | Killed a cane toad
  1038 | D        | Killed a cane toad
  1172 | D        | Reached ****** piety under Trog
  1175 | D        | Received a gift from Trog
  1182 | D        | Reached XP level 11. HP: 121/122 MP: 3/10
  1324 | D        | Noticed an orc knight
  1329 | D        | Killed an orc knight
  1344 | D        | Received a gift from Trog
  1475 | D        | Noticed an orc high priest
  1475 | D        | Noticed an orc knight
  1475 | D        | Noticed an orc knight
  1475 | D        | Noticed an orc sorcerer
  1479 | D        | Killed an orc sorcerer
  1479 | D        | Identified the +9 dire flail "Ferasi" {antimagic, +Blink
                  | rC+++ Dex+8 Stlth-} (Trog gifted it to you in the Dungeon)
  1479 | D        | Received a gift from Trog
  1480 | D        | Reached skill level 1 in Stealth
  1485 | D        | Killed an orc knight
  1485 | D        | Noticed an orc knight
  1487 | D        | Noticed a sixfirhy
  1493 | D        | Killed an orc knight
  1494 | D        | Reached skill level 10 in Dodging
  1494 | D        | Noticed an orc knight
  1502 | D        | Killed an orc high priest
  1509 | D        | Killed an orc knight
  1509 | D        | Received a gift from Trog
  1665 | D        | Killed an orc knight
  1868 | D        | Found Cosia's Magic Scroll Boutique.
  1868 | D        | Noticed an orc knight
  1868 | D        | Noticed an orc sorcerer
  1869 | D        | Paralysed by an orc sorcerer for 7 turns
  1878 | D        | Killed an orc sorcerer
  1878 | D        | Received a gift from Trog
  1883 | D        | Killed an orc knight
  1883 | D        | Noticed an orc sorcerer
  1884 | D        | Found Issaosihue's Weapon Shop.
  1888 | D        | Found Zutuj's Distillery.
  1894 | D        | Killed an orc sorcerer
  1895 | D        | Found Osatun's General Store.
  1973 | D        | Noticed an orc high priest
  1977 | D        | Received a gift from Trog
  1984 | D        | Killed an orc high priest
  2004 | D        | Bought a scroll of magic mapping for 45 gold pieces
  2004 | D        | Bought a potion of might for 52 gold pieces
  2006 | D        | Bought a potion of heal wounds for 55 gold pieces
  2006 | D        | Bought a potion of heal wounds for 55 gold pieces
  2006 | D        | Bought a potion of curing for 33 gold pieces
  2010 | D        | Bought a scroll of fog for 22 gold pieces
  2010 | D        | Bought a scroll of brand weapon for 220 gold pieces
  2010 | D        | Bought a scroll of identify for 22 gold pieces
  2010 | D        | Bought a scroll of enchant weapon for 82 gold pieces
  2010 | D        | Bought a scroll of enchant armour for 82 gold pieces
  2010 | D        | Bought a scroll of identify for 22 gold pieces
  2014 | D        | Bought a potion of attraction for 33 gold pieces
  2014 | D        | Bought a potion of mutation for 88 gold pieces
  2014 | D        | Bought a potion of mutation for 88 gold pieces
  2014 | D        | Bought a potion of berserk rage for 55 gold pieces
  2014 | D        | Bought a potion of attraction for 33 gold pieces
  2016 | D        | Bought a potion of attraction for 39 gold pieces
  2016 | D        | Bought a scroll of immolation for 45 gold pieces
  2118 | D        | Noticed Sonja
  2121 | D        | Noticed Joseph
  2126 | D        | Killed Sonja
  2133 | D        | Killed Joseph
  2248 | D        | Noticed Harold
  2255 | D        | Killed Harold
  2255 | D        | Received a gift from Trog
  2256 | D        | Reached skill level 1 in Throwing
  2333 | D        | Got the +2 ring mail "Ciuxtifaq" {rElec rN+ rCorr Stlth+}
  2366 | D        | Noticed a boulder beetle
  2366 | D        | Noticed an ogre mage
  2366 | D        | Noticed a deep elf pyromancer
  2369 | D        | Killed a deep elf pyromancer
  2370 | D        | Reached XP level 12. HP: 137/137 MP: 3/11
  2379 | D        | Killed an ogre mage
  2380 | D        | Noticed a fire dragon
  2382 | D        | Noticed a stone giant
  2435 | D        | Killed a boulder beetle
  2435 | D        | Received a gift from Trog
  2436 | D        | Reached skill level 15 in Armour
  2437 | D        | Noticed a tengu warrior
  2439 | D        | Killed a fire dragon
  2445 | D        | Killed a stone giant
  2445 | D        | Noticed a deep troll shaman
  2448 | D        | Noticed a vampire mage
  2451 | D        | Noticed a deep troll earth mage
  2451 | D        | Noticed a great orb of eyes
  2463 | D        | Killed a tengu warrior
  2463 | D        | Received a gift from Trog
  2466 | D        | Killed a deep troll shaman
  2466 | D        | Killed a vampire mage
  2469 | D        | Killed a deep troll earth mage
  2470 | D        | Reached skill level 1 in Evocations
  2473 | D        | Killed a great orb of eyes
  2820 | D        | Noticed Azrael
  2821 | D        | Received a gift from Trog
  2833 | D        | Killed Azrael
  2840 | D        | Received a gift from Trog
  2890 | D        | Noticed Donald
  2896 | D        | Killed Donald
  2973 | D        | Noticed Nergalle
  2979 | D        | Killed Nergalle
  2984 | D        | Noticed Rupert
  2985 | D        | Paralysed by Rupert for 4 turns
  2999 | D        | Killed Rupert
  3103 | D        | Noticed a merfolk avatar
  3103 | D        | Noticed a merfolk aquamancer
  3104 | D        | Noticed a merfolk impaler
  3107 | D        | Reached XP level 13. HP: 142/150 MP: 4/12
  3112 | D        | Received a gift from Trog
  3138 | D        | Killed a merfolk impaler
  3140 | D        | Received a gift from Trog
  3448 | D        | Noticed an entropy weaver
  3456 | D        | Killed a ghost moth
  3473 | D        | Killed an entropy weaver
  3473 | D        | Received a gift from Trog
  3920 | D        | Received a gift from Trog
  3936 | D        | Received a gift from Trog
  4208 | D        | Noticed an eleionoma
  4211 | D        | Killed an eleionoma
  4219 | D        | Received a gift from Trog
  4323 | D        | Noticed Frances
  4332 | D        | Killed Frances
  4380 | D        | Noticed Erolcha
  4389 | D        | Killed Erolcha
  4389 | D        | Received a gift from Trog
  4421 | D        | Noticed a fire giant
  4421 | D        | Noticed an ettin
  4421 | D        | Noticed a spriggan defender
  4421 | D        | Noticed a frost giant
  4426 | D        | Killed a frost giant
  4427 | D        | Reached skill level 27 in Fighting
  4427 | D        | Noticed an ettin
  4435 | D        | Killed a spriggan defender
  4436 | D        | Reached skill level 27 in Maces & Flails
  4436 | D        | Noticed a frost giant
  4436 | D        | Noticed a fire dragon
  4440 | D        | Killed a fire giant
  4440 | D        | Received a gift from Trog
  4440 | D        | Noticed an ettin
  4441 | D        | Reached skill level 15 in Dodging
  4441 | D        | Reached XP level 14. HP: 168/168 MP: 4/13
  4445 | D        | Noticed a stone giant
  4446 | D        | Noticed a frost giant
  4453 | D        | HP: 3/168 [frost giant (17)]
  4808 | D        | Killed a frost giant
  5042 | D        | Received a gift from Trog
  5074 | D        | Killed a stone giant
  5075 | D        | Reached skill level 5 in Stealth
  5164 | D        | Killed a frost giant
  5183 | D        | Noticed a sphinx
  5193 | D        | Killed a sphinx
  5193 | D        | Received a gift from Trog
  5194 | D        | Reached skill level 5 in Evocations
  5484 | D        | Noticed a sphinx
  5494 | D        | Received a gift from Trog
  5495 | D        | Noticed an ironbound preserver
  5506 | D        | Noticed an ironbound preserver
  5507 | D        | Noticed an ironbound preserver
  5508 | D        | Killed an ironbound preserver
  5509 | D        | Killed a sphinx
  5509 | D        | Received a gift from Trog
  5519 | D        | Killed an ironbound preserver
  5520 | D        | Noticed a vault warden
  5524 | D        | HP: 2/168 [ironbound frostheart/creeping frost (21)]
  5532 | D        | Killed a vault warden
  5543 | D        | Noticed a spriggan defender
  5544 | D        | HP: 6/168 [ironbound preserver (8)]
  5546 | D        | Noticed a vampire knight
  5549 | D        | Killed an ironbound preserver
  5549 | D        | Received a gift from Trog
  5559 | D        | Killed a vampire knight
  5579 | D        | Slain by a spriggan defender

Illustrated notes

Levels and vault maps discovered:
D:        linesprint [early_d, line_temple, items_1, d_10, items_2, lair_1,
          lair_end, items_3, orc_1, orc_end, items_4, d_15, swamp_1, shoals_1,
          snake_1, spider_1, d_20, vaults_1, items_5, swamp_end, shoals_end,
          snake_end, spider_end, vaults_end, d_27, items_6, zot_1, zot_end,
          crypt_end, forest_end, elf_end, slime_end, tomb_end, abyss_end,
          pan_hell_end]

Skill      XL: |  1  2  3  4  5  6  7  8  9 10 11 12 13 14 |
---------------+-------------------------------------------+-----
Fighting       | 7 9 10 11 13 14 16 19 21 24 27 | 27.0
Maces & Flails | 7 9 10 12 14 16 18 20 22 24 27 | 27.0
Armour         | 4 5 6 7 8 10 12 14 16 17 19 | 19.1
Dodging        | 3 4 5 6 7 8 9 10 11 15 20 | 20.9
Stealth        | 1 2 3 7 |  7.7
Throwing       | 1 2 3 |  3.1
Evocations     | 2 4 5 |  5.7

Action                   |  1- 3 |  4- 6 |  7- 9 | 10-12 | 13-15 || total
-------------------------+-------+-------+-------+-------+-------++-------
Melee: Mace              |    15 |    11 |       |       |       ||    26
       Headbutt          |     2 |     4 |    12 |    68 |    94 ||   180
       Dire flail        |       |     6 |    46 |   133 |   222 ||   407
       Great mace        |       |       |       |    94 |       ||    94
Throw: Dart              |       |       |       |     3 |       ||     3
Invok: Berserk           |     2 |     2 |     2 |    10 |     8 ||    24
       Brothers in Arms  |       |       |       |     1 |     6 ||     7
       Trog's Hand       |       |       |       |       |     1 ||     1
 Abil: Evoke Blink       |       |       |       |       |     1 ||     1
Evoke: Wand              |       |       |       |     5 |     3 ||     8
  Use: Potion            |       |       |       |     1 |    15 ||    16
       Scroll            |       |       |       |       |     4 ||     4
 Stab: Sleeping          |       |       |       |       |     1 ||     1
Armor: Animal skin       |       |     2 |       |       |       ||     2
       Plate armour      |       |     4 |    11 |    33 |       ||    48
       Chain mail        |       |       |       |    21 |       ||    21
       Ring mail         |       |       |       |    20 |    54 ||    74
Dodge: Dodged            |     4 |     3 |     9 |    82 |   120 ||   218

Table legend: (Time is in decaauts)
 A = Elapsed time spent in this place.
 B = Non-inter-level travel time spent in this place.
 C = Inter-level travel time spent in this place.
 D = Time resting spent in this place.
 E = Time spent auto-exploring this place.
 F = Levels seen in this place.
 G = Mean time per level.
                   A        B        C        D        E       F      G
               +--------+--------+--------+--------+--------+-----+--------+
         Total |   5591 |   5591 |      0 |   3174 |    651 |   1 | 5591.0 |
       Dungeon |   5591 |   5591 |      0 |   3174 |    651 |   1 | 5591.0 |
               +--------+--------+--------+--------+--------+-----+--------+

Top non-repeatable levels by time:
       D: 5591 daAuts
